 Dungeon Crawl Stone Soup version 0.30-a0-141-g30f27751c5 (webtiles) character file.

Game seed: 2420036256765301411

3245 qw the Cleaver (level 9, -1/57 HPs)
             Began as a Gargoyle Fighter on Sept 25, 2022.
             Was a Believer of Okawaru.
             Hit by a javelin thrown by something (10 damage)
             ... on level 8 of the Dungeon.
             The game lasted 00:02:48 (7298 turns).

qw the Cleaver (Gargoyle Fighter)                   Turns: 7298, Time: 00:02:48

Health: -1/57      AC: 33    Str: 24    XL:     9   Next: 99%
Magic:  12/12      EV:  7    Int:  9    God:    Okawaru [**....]
Gold:   145        SH:  6    Dex:  9    Spells: 8/8 levels left

rFire   x x .      SeeInvis .    Y - +0 war axe (protect)
rCold   x x .      Faith    .    a - +2 buckler
rNeg    + . .      Spirit   .    p - +0 plate armour
rPois   inf        Reflect  .    h - +0 helmet
rElec   +          Harm     .    (no cloak)
rCorr   .          Rampage  .    (no gloves)
Will    .....                    e - +0 pair of boots
Stlth   ..........               s - amulet of Elemental Vulnerability {rPois rF-- rC-- AC+8}
HPRegen 0.19/turn                m - +4 ring of protection
MPRegen 0.13/turn                (no ring)

@: no status effects
A: sickness immunity, AC +6, negative energy resistance 1, electricity
resistance, torment resistance 1, petrification resistance
a: Renounce Religion, Heroism


You were on level 8 of the Dungeon.
You worshipped Okawaru.
Okawaru was pleased with you.
You visited 2 branches of the dungeon, and saw 9 of its levels.

You collected 372 gold pieces.
You spent 227 gold pieces at shops.


Innate Abilities, Weirdness & Mutations

You are immune to sickness and miasma.
Your stone body is resilient. (AC +6)
You are immune to poison.
You resist negative energy. (rN+)
You are resistant to electric shocks. (rElec)
You are resistant to unholy torment.
You are immune to petrification.


   Skills:
 - Level 7.0 Fighting
 + Level 9.4 Axes
 - Level 2.0 Throwing
 - Level 6.0 Armour
 - Level 1.4 Dodging
 - Level 4.2 Shields
 - Level 4.0 Invocations


You had 8 spell levels left.
You didn't know any spells.
Your spell library was empty.

Inventory:

Hand Weapons
 c - a +0 morningstar
 Y - a +0 war axe of protection (weapon)
Missiles
 q - 4 javelins (quivered)
Armour
 a - a +2 buckler (worn)
 e - a +0 pair of boots (worn)
 h - a +0 helmet (worn)
 p - a +0 plate armour (worn)
Jewellery
 m - a +4 ring of protection (left hand)
 s - the amulet of Elemental Vulnerability (around neck) {rPois rF-- rC-- AC+8}
   (You found it on level 6 of the Dungeon)

   [amulet of nothing]

   AC:        It affects your AC (+8).
   rF:        It makes you very vulnerable to fire.
   rC:        It makes you very vulnerable to cold.
   rPois:     It protects you from poison.
Scrolls
 b - a scroll of teleportation
 f - 2 scrolls of identify
Potions
 d - 3 potions of might
 g - 2 potions of lignification
 i - a potion of mutation
 j - 6 potions of heal wounds
 n - a potion of attraction
 o - a potion of magic

Dungeon Overview and Level Annotations

Branches:
Dungeon (8/15)             Temple (1/1) D:5
   Lair: D:8-11

Altars:
Ashenzari
Cheibriados
Dithmenos
Elyvilon
Gozag
Hepliaklqana
Kikubaaqudgha
Makhleb
Nemelex Xobeh
Okawaru
Qazlal
Ru
Sif Muna
Trog
Uskayaw
Wu Jian
Xom
The Shining One

Shops:
D:6 ?

Annotations:
D:8 Maurice


Message History

You swing at nothing.
You swing at nothing.
A javelin appears from out of thin air!
The javelin pierces through you but does no damage.
A javelin appears from out of thin air!
The javelin pierces through you but does no damage.
You swing at nothing.
You swing at nothing.
You swing at nothing.
You hear a zap.
A puff of flame appears from out of thin air!
You block the puff of flame.
A javelin appears from out of thin air!
The javelin pierces through you.
You swing at nothing.
You swing at nothing.
You swing at nothing.
You swing at nothing.
You swing at nothing.
Something hits you but does no damage.
You swing at nothing.
A javelin appears from out of thin air!
The javelin pierces through you but does no damage.
You swing at nothing.
You hear a zap.
A puff of flame appears from out of thin air!
The puff of flame hits you but does no damage.
You swing at nothing.
You hear some strange, mumbled words.
You hear a zap.
A puff of flame appears from out of thin air!
The puff of flame hits you!! The fire burns you terribly!
You swing at nothing.
A javelin appears from out of thin air!
The javelin pierces through you but does no damage.
You swing at nothing.
You hear a zap.
A puff of flame appears from out of thin air!
The puff of flame hits you but does no damage.
You swing at nothing.
A javelin appears from out of thin air!
The javelin pierces through you!
You die...

#.#####.#.#..####.
#.# #.#[#..####.
#.# #+#.#.......
#.## ..#......)
#..# ......####
#..# ..##.......
#).# .....####
#.##..# #.......
#..)@.# #....).#
#$.#..# ...#.##.#
#..#..# # #.....
... {... ##.###..#
.... #....
......... ....
#.###. .#...#...
.... #.# ..
###.#.#. ### #.
....## ..... #


There were no monsters in sight!

Vanquished Creatures
  A steam dragon (D:8)
  A black bear (D:6)
  An ice beast (D:7)
  2 centaurs
  2 phantoms (D:5)
  5 kobold brigands
  Blork the orc (D:4)
  A necrophage (D:4)
  4 scorpions
  2 water moccasin zombies (D:5)
  A gnoll sergeant (D:5)
  5 wights
  2 water moccasin skeletons (D:5)
  9 killer bees (D:8)
  6 electric eels (D:5)
  A howler monkey (D:6)
  A bullfrog zombie (D:5)
  A centaur zombie (D:5)
  A jelly (D:3)
  2 hounds
  A centaur skeleton (D:5)
  5 iguanas
  Jessica (D:2)
  A gnoll bouda (D:6)
  2 orc wizards
  3 hound zombies (D:5)
  5 gnolls (D:6)
  A howler monkey skeleton (D:5)
  8 adders
  A white imp (D:7)
  2 ufetubi
  2 adder zombies (D:5)
  A worm (D:2)
  5 dart slugs
  20 orcs
  4 ball pythons
  5 endoplasms
  A giant cockroach (D:1)
  7 goblins
  5 hobgoblins
  2 jackals (D:1)
  25 kobolds
  2 quokkas
  6 bats
  11 frilled lizards
  4 rats (D:1)
179 creatures vanquished.

Vanquished Creatures (others)
  13 plants
  A withered plant (D:5)
14 creatures vanquished.

Grand Total: 193 creatures vanquished

Notes
Turn   | Place    | Note
-------+----------+-------------------------------------------
     0 | D:1      | qw the Gargoyle Fighter began the quest for the Orb.
     0 | D:1      | Reached XP level 1. HP: 14/14 MP: 1/1
     0 | D:1      | 0 ||| qw: Version: 0.2-a-10-g399e6c4
     0 | D:1      | 0 ||| qw: Game counter: 151
     0 | D:1      | 0 ||| qw: Always use a shield: true
     0 | D:1      | 0 ||| qw: God list: Okawaru
     0 | D:1      | 0 ||| qw: Allow faded altars: false
     0 | D:1      | 0 ||| qw: Do Orc after D:15 true
     0 | D:1      | 0 ||| qw: Do second Lair branch before Depths: true
     0 | D:1      | 0 ||| qw: Lair rune preference: random
     0 | D:1      | 0 ||| qw: Plans: Normal, Zot:1-4, God:TSO, Crypt, Tomb,
                  | Pan, Slime:5, Hells, Abyss, Orb
     0 | D:1      | 0 ||| PLANNING D:1-11
    54 | D:1      | Reached skill level 2 in Axes
   155 | D:1      | Reached XP level 2. HP: 19/19 MP: 2/2
   449 | D:1      | 449 ||| DROPPING +0 club.
   557 | D:1      | Reached skill level 3 in Axes
   633 | D:1      | Reached XP level 3. HP: 18/23 MP: 3/3
   818 | D:1      | Reached skill level 1 in Throwing
  1015 | D:1      | 1015 ||| READING scroll labelled HEUDIRPHAFUV.
  1016 | D:1      | 1016 ||| READING scroll labelled ZOLUDGH ZORI.
  1425 | D:2      | Noticed Jessica
  1426 | D:2      | 1426 ||| Stepping ~*~*~tactically~*~*~ (hiding).
  1429 | D:2      | 1429 ||| Stepping ~*~*~tactically~*~*~ (hiding).
  1430 | D:2      | 1430 ||| Stepping ~*~*~tactically~*~*~ (hiding).
  1431 | D:2      | 1431 ||| Stepping ~*~*~tactically~*~*~ (hiding).
  1438 | D:2      | Killed Jessica
  1439 | D:2      | Reached XP level 4. HP: 20/28 MP: 4/4
  1700 | D:2      | 1700 ||| UPGRADING to +0 pair of boots.
  1705 | D:2      | 1705 ||| UPGRADING to +4 ring of protection.
  1706 | D:2      | 1706 ||| READING scroll labelled PIZAOWEPLY.
  1707 | D:2      | 1707 ||| READING scroll labelled QOEPRO GUASM.
  1708 | D:2      | 1708 ||| READING scroll labelled NOBYCS DOCESH.
  1713 | D:2      | 1713 ||| DRINKING 2 sapphire potions.
  1812 | D:3      | Reached skill level 4 in Axes
  1965 | D:3      | 1965 ||| Stepping ~*~*~tactically~*~*~ (stealth).
  2104 | D:3      | Found a faded altar of an unknown god.
  2220 | D:3      | 2220 ||| FLEEEEING.
  2221 | D:3      | 2221 ||| STAIRDANCE
  2299 | D:2      | 2299 ||| UPGRADING to +2 buckler.
  2309 | D:2      | 2309 ||| DROPPING +0 buckler.
  2310 | D:2      | 2310 ||| READING scroll labelled ACRYUTW XIEL.
  2317 | D:3      | 2317 ||| DROPPING +0 mace.
  2359 | D:4      | 2359 ||| STAIRDANCE
  2363 | D:3      | Reached XP level 5. HP: 30/32 MP: 5/5
  2402 | D:4      | Noticed Blork the orc
  2403 | D:4      | 2403 ||| Stepping ~*~*~tactically~*~*~ (hiding).
  2418 | D:4      | Killed Blork the orc
  2419 | D:4      | Reached skill level 5 in Axes
  2419 | D:4      | Reached XP level 6. HP: 28/37 MP: 6/6
  2446 | D:4      | 2446 ||| FLEEEEING.
  2447 | D:4      | 2447 ||| FLEEEEING.
  2448 | D:4      | 2448 ||| FLEEEEING.
  2449 | D:4      | 2449 ||| FLEEEEING.
  2450 | D:4      | 2450 ||| FLEEEEING.
  2451 | D:4      | 2451 ||| FLEEEEING.
  2452 | D:4      | 2452 ||| FLEEEEING.
  2453 | D:4      | 2453 ||| FLEEEEING.
  2454 | D:4      | 2454 ||| FLEEEEING.
  2455 | D:4      | 2455 ||| STAIRDANCE
  2487 | D:3      | 2487 ||| READING scroll labelled MAYSSA QEAJ.
  2890 | D:4      | Reached skill level 1 in Dodging
  2986 | D:5      | Entered Level 5 of the Dungeon
  2992 | D:5      | 2992 ||| Stepping ~*~*~tactically~*~*~ (stealth).
  3014 | D:5      | Reached XP level 7. HP: 36/43 MP: 7/7
  3117 | D:5      | Reached skill level 6 in Axes
  3173 | D:5      | Found a staircase to the Ecumenical Temple.
  3174 | D:5      | 3174 ||| PLANNING TEMPLE
  3187 | Temple   | Entered the Ecumenical Temple
  3188 | Temple   | 3188 ||| PLANNING OKAWARU WORSHIP
  3351 | Temple   | Became a worshipper of Warmaster Okawaru
  3352 | Temple   | 3352 ||| PLANNING D:1-11
  3639 | D:5      | 3639 ||| Stepping ~*~*~tactically~*~*~ (stealth).
  3668 | D:5      | Reached skill level 7 in Axes
  3675 | D:5      | 3675 ||| Stepping ~*~*~tactically~*~*~ (stealth).
  3870 | D:5      | Reached XP level 8. HP: 49/49 MP: 8/8
  3894 | D:5      | 3894 ||| Stepping ~*~*~tactically~*~*~ (stealth).
  3930 | D:5      | Reached * piety under Okawaru
  4229 | D:5      | 4229 ||| INVOKING Heroism.
  4230 | D:5      | 4230 ||| INVOKING Heroism.
  4232 | D:5      | Reached skill level 1 in Invocations
  4389 | D:5      | 4389 ||| INVOKING Heroism.
  4562 | D:5      | 4562 ||| Stepping ~*~*~tactically~*~*~ (stealth).
  4564 | D:5      | 4564 ||| INVOKING Heroism.
  4715 | D:5      | 4715 ||| DROPPING +2 robe of cold resistance.
  4716 | D:5      | 4716 ||| UPGRADING to +0 plate armour.
  4726 | D:5      | 4726 ||| DROPPING +0 scale mail.
  4727 | D:5      | 4727 ||| READING scroll labelled IBINLA BUOS.
  4728 | D:5      | 4728 ||| READING scroll labelled MOFYMI YVOONEM.
  4729 | D:5      | 4729 ||| DRINKING 3 fizzy golden potions.
  4730 | D:5      | 4730 ||| READING 2 scrolls of identify.
  4730 | D:5      | 4730 ||| IDENTIFYING fizzy sapphire potion
  4799 | D:6      | 4799 ||| Stepping ~*~*~tactically~*~*~ (stealth).
  4802 | D:6      | 4802 ||| INVOKING Heroism.
  4803 | D:6      | 4803 ||| Stepping ~*~*~tactically~*~*~ (stealth).
  4807 | D:6      | 4807 ||| STAIRDANCE
  4835 | D:6      | 4835 ||| Stepping ~*~*~tactically~*~*~ (stealth).
  4840 | D:6      | Reached skill level 3 in Invocations
  4952 | D:6      | 4952 ||| Stepping ~*~*~tactically~*~*~ (hiding).
  5018 | D:6      | Reached skill level 8 in Axes
  5086 | D:6      | Found Ismeulan's Magic Scroll Boutique.
  5101 | D:6      | 5101 ||| BUYING 2 scrolls of identify (52 gold).
  5101 | D:6      | Bought 2 scrolls of identify for 52 gold pieces
  5101 | D:6      | 5101 ||| BUYING scroll of brand weapon (123 gold).
  5101 | D:6      | Bought a scroll of brand weapon for 123 gold pieces
  5101 | D:6      | 5101 ||| BUYING scroll of identify (26 gold).
  5101 | D:6      | Bought a scroll of identify for 26 gold pieces
  5101 | D:6      | 5101 ||| BUYING scroll of identify (26 gold).
  5101 | D:6      | Bought a scroll of identify for 26 gold pieces
  5101 | D:6      | 5101 ||| SHOPLISTING scroll of teleportation (39 gold, have
                  | 12).
  5101 | D:6      | 5101 ||| READING scroll of brand weapon.
  5101 | D:6      | 5101 ||| BRANDING +0 war axe of freezing.
  5112 | D:6      | 5112 ||| INVOKING Heroism.
  5127 | D:6      | 5127 ||| INVOKING Heroism.
  5129 | D:6      | Reached skill level 6 in Fighting
  5129 | D:6      | Reached XP level 9. HP: 37/55 MP: 8/12
  5446 | D:6      | 5446 ||| Stepping ~*~*~tactically~*~*~ (stealth).
  5447 | D:6      | 5447 ||| Stepping ~*~*~tactically~*~*~ (stealth).
  5451 | D:6      | 5451 ||| Stepping ~*~*~tactically~*~*~ (hiding).
  5462 | D:6      | 5462 ||| Stepping ~*~*~tactically~*~*~ (stealth).
  5463 | D:6      | 5463 ||| Stepping ~*~*~tactically~*~*~ (stealth).
  5468 | D:6      | 5468 ||| Stepping ~*~*~tactically~*~*~ (stealth).
  5469 | D:6      | 5469 ||| Stepping ~*~*~tactically~*~*~ (stealth).
  5471 | D:6      | 5471 ||| Stepping ~*~*~tactically~*~*~ (stealth).
  5473 | D:6      | 5473 ||| INVOKING Heroism.
  5474 | D:6      | 5474 ||| Stepping ~*~*~tactically~*~*~ (hiding).
  5529 | D:6      | 5529 ||| FLEEEEING.
  5530 | D:6      | 5530 ||| FLEEEEING.
  5531 | D:6      | 5531 ||| FLEEEEING.
  5532 | D:6      | 5532 ||| FLEEEEING.
  5533 | D:6      | 5533 ||| FLEEEEING.
  5534 | D:6      | 5534 ||| FLEEEEING.
  5535 | D:6      | 5535 ||| FLEEEEING.
  5536 | D:6      | 5536 ||| FLEEEEING.
  5537 | D:6      | 5537 ||| FLEEEEING.
  5538 | D:6      | 5538 ||| FLEEEEING.
  5539 | D:6      | 5539 ||| FLEEEEING.
  5632 | D:6      | Found the amulet of Elemental Vulnerability {rPois rF--
                  | rC-- AC+8}
  5898 | D:6      | 5898 ||| UPGRADING to +0 helmet.
  5903 | D:6      | 5903 ||| UPGRADING to amulet of Elemental Vulnerability
                  | {rPois rF-- rC-- AC+8}.
  5908 | D:6      | 5908 ||| READING scroll labelled ETRIAS HUDE.
  5909 | D:6      | 5909 ||| READING scroll labelled JIOCOU BASYTY.
  5910 | D:6      | 5910 ||| READING 6 scrolls of identify.
  5910 | D:6      | 5910 ||| IDENTIFYING fuming golden potion
  5911 | D:6      | 5911 ||| READING 5 scrolls of identify.
  5911 | D:6      | 5911 ||| IDENTIFYING coppery potion
  5912 | D:6      | 5912 ||| READING 4 scrolls of identify.
  5912 | D:6      | 5912 ||| IDENTIFYING murky purple potion
  5913 | D:6      | 5913 ||| DROPPING potion of flight.
  5940 | D:7      | 5940 ||| Stepping ~*~*~tactically~*~*~ (stealth).
  5996 | D:7      | Found a shimmering altar of Xom.
  6367 | D:7      | Found a flagged portal.
  6421 | D:7      | 6421 ||| INVOKING Heroism.
  6590 | D:7      | 6590 ||| INVOKING Heroism.
  6780 | D:7      | 6780 ||| READING scroll labelled UDIZXU MIWK.
  6781 | D:7      | 6781 ||| READING 3 scrolls of identify.
  6781 | D:7      | 6781 ||| IDENTIFYING fizzy grey potion
  6803 | D:8      | 6803 ||| STAIRDANCE
  6810 | D:7      | Reached skill level 9 in Axes
  6868 | D:8      | Reached ** piety under Okawaru
  6873 | D:8      | 6873 ||| STAIRDANCE
  6929 | D:8      | 6929 ||| INVOKING Heroism.
  6957 | D:8      | Reached skill level 6 in Armour
  6993 | D:8      | 6993 ||| INVOKING Heroism.
  7034 | D:8      | 7034 ||| Stepping ~*~*~tactically~*~*~ (stealth).
  7035 | D:8      | 7035 ||| INVOKING Heroism.
  7105 | D:8      | 7105 ||| Stepping ~*~*~tactically~*~*~ (hiding).
  7246 | D:8      | Noticed Maurice
  7247 | D:8      | 7247 ||| Stepping ~*~*~tactically~*~*~ (hiding).
  7248 | D:8      | 7248 ||| Stepping ~*~*~tactically~*~*~ (hiding).
  7295 | D:8      | HP: 8/57 [something/puff of flame (18)]
  7298 | D:8      | Hit by a javelin thrown by something

Levels and vault maps discovered:
D:1:      dpeg_arrival_signposts, layout_basic
D:2:      layout_basic, uniq_jessica
D:3:      layout_rooms, shapermc_ecumenical_altar_mp_highgroup
D:4:      layout_cave_pools, uniq_blork_the_orc
D:5:      cheibrodos_two_vegetables, layout_loops_cross,
          minmay_temple_entry_trees, serial_undead, serial_undead_f,
          serial_undead_f, serial_undead_d, serial_undead_e, serial_undead_c,
          serial_undead_e, dk_noncrumbling_2, grunt_decor_fettered,
          nicolae_concentric_dashed_squares_mild
D:6:      layout_gridville, serial_shops, shop, minmay_lizard_king
D:7:      layout_basic, old_standard_altar, enter_bailey_1
D:8:      layout_basic, hangedman_decor_riveting, grunt_ministairs_14,
          uniq_maurice
Temple:   nicolae_temple_bog_church

Skill      XL: |  1  2  3  4  5  6  7  8  9 |
---------------+----------------------------+-----
Axes           | 2 3 4 5 7 8 9 |  9.4
Throwing       | 1 2 |  2.0
Fighting       | 4 5 6 7 |  7.0
Dodging        | 1 |  1.4
Invocations    | 4 |  4.0
Armour         | 4 6 |  6.0
Shields        | 4 |  4.2

Action                   |  1- 3 |  4- 6 |  7- 9 || total
-------------------------+-------+-------+-------++-------
Melee: War axe           |    72 |    99 |   372 ||   543
Throw: Javelin           |    24 |    31 |    47 ||   102
Invok: Heroism           |       |       |    12 ||    12
  Use: Scroll            |     2 |     5 |    11 ||    18
       Potion            |       |     1 |     1 ||     2
Armor: Scale mail        |    41 |    54 |    57 ||   152
       Plate armour      |       |       |   213 ||   213
Dodge: Dodged            |    42 |    51 |   156 ||   249
Block: Buckler           |    11 |    22 |   106 ||   139

Table legend:
 A = Non-vault XP
 B = Vault XP
 C = Vault XP percentage of total XP
 D = Non-vault monster count
 E = Vault monster count
 F = Vault count percentage of total count
                 A         B        C        D         E       F
            +---------+---------+-------+---------+---------+-------
      Total |    2911 |    1726 |  37.2 |     140 |      39 |  21.8
            +---------+---------+-------+---------+---------+-------
        D:1 |      47 |       0 |   0.0 |      29 |       0 |   0.0
        D:2 |      42 |      37 |  46.8 |       8 |       1 |  11.1
        D:3 |      83 |       0 |   0.0 |      13 |       0 |   0.0
        D:4 |     235 |      94 |  28.6 |      13 |       1 |   7.1
        D:5 |     149 |    1173 |  88.7 |       9 |      24 |  72.7
        D:6 |     897 |      46 |   4.9 |      30 |       8 |  21.1
        D:7 |     567 |     152 |  21.1 |      18 |       2 |  10.0
        D:8 |     891 |     224 |  20.1 |      20 |       3 |  13.0
            +---------+---------+-------+---------+---------+-------
